 Dungeon Crawl Stone Soup version 0.28-a0-268-g3f656e82c2 (webtiles) character file.

Game seed: 7372634656902521933

404853 theanonym the Warrior (level 22, -8/192 HPs)
             Began as a Mummy Delver on Aug 29, 2021.
             Was the Champion of Yredelemnul.
             Mangled by a spark wasp (14 damage)
             ... on level 3 of the Depths.
             The game lasted 02:26:05 (58944 turns).

theanonym the Warrior (Mummy Delver)               Turns: 58944, Time: 02:26:06

Health: -8/192     AC: 31    Str: 32    XL:     22   Next: 35%
Magic:  16/16      EV: 13    Int: 16    God:    Yredelemnul [******]
Gold:   6439       SH: 13    Dex: 15    Spells: 15/21 levels left

rFire   + . .      SeeInvis .   a - +9 eveningstar (flame)
rCold   + + +      Faith    .   M - +0 kite shield {reflect}
rNeg    + + +      Spirit   .   J - +2 plate armour {rN+} {rN+}
rPois   ∞          Reflect  +   i - +2 helmet
rElec   .          Harm     .   j - scarf {rC+ rF+} {rF+ rC+}
rCorr   .          Rampage  .   G - +0 pair of gloves "Goun" {rF+ rC+ MP-9}
Will    +++..                   F - +1 pair of boots of the Tundras {Will+}
Stlth   ..........              e - amulet of regeneration
HPRegen 1.42/turn               N - ring of Dishonour {Fly Str+9 Int+6 Slay-4}
MPRegen 0.15/turn               q - +4 ring of protection

@: flying, studying 2 skills
A: cold resistance 1, negative energy resistance 3, torment resistance 2, heat
vulnerability 1, in touch with death 1, no potions
}: 2/15 runes: decaying, gossamer
a: Renounce Religion, Recall Undead Slaves, Injury Mirror, Animate Dead, Drain
Life, Enslave Soul


Innate Abilities, Weirdness & Mutations

You are immune to poison.
Your flesh is cold resistant. (rC+)
You are immune to negative energy. (rN+++)
You are immune to unholy pain and torment.
You are vulnerable to heat. (rF-)
You are in touch with the powers of death.
You do not drink.


   Skills:
 + Level 20.7 Fighting
 - Level 16.9 Maces & Flails
 - Level 2.7 Polearms
 + Level 16.0 Armour
 - Level 10.0 Dodging
 - Level 4.1 Stealth
 - Level 15.0 Shields
 - Level 5.0 Invocations


You had 15 spell levels left.
You knew the following spells:

 Your Spells              Type           Power      Damage    Failure   Level
e - Lesser Beckoning      Tloc           0%         N/A       98%         3
l - Blink                 Tloc           N/A        N/A       87%         2
q - Apportation           Tloc           0%         N/A       75%         1

Your spell library contained the following spells:

 Spells                   Type           Power      Damage    Failure   Level
 Animate Skeleton         Necr           0%         N/A       75%         1
 Corona                   Hex            0%         N/A       75%         1
 Summon Small Mammal      Summ           0%         N/A       75%         1
 Ensorcelled Hibernation  Hex/Ice        0%         N/A       87%         2
 Slow                     Hex            0%         N/A       87%         2
 Call Canine Familiar     Summ           0%         N/A       98%         3
 Confusing Touch          Hex            0%         N/A       98%         3
 Conjure Flame            Conj/Fire      0%         6-21      98%         3
 Dazzling Flash           Conj/Hex       0%         N/A       98%         3
 Gell's Gravitas          Tloc           0%         N/A       98%         3
 Ignite Poison            Fire/Tmut/Pois 0%         N/A       98%         3
 Mephitic Cloud           Conj/Pois/Air  0%         N/A       98%         3
 Ozocubu's Armour         Ice            0%         N/A       98%         3
 Portal Projectile        Hex/Tloc       0%         N/A       98%         3
 Summon Guardian Golem    Hex/Summ       0%         N/A       98%         3
 Teleport Other           Tloc           0%         N/A       98%         3
 Tukima's Dance           Hex            0%         N/A       98%         3
 Vampiric Draining        Necr           0%         2d6       98%         3
 Dispel Undead            Necr           0%         3d6       100%        4
 Hailstorm                Conj/Ice       0%         3d3       100%        4
 Iskenderun's Mystic Bla  Conj/Tloc      0%         2d3       100%        4
 Leda's Liquefaction      Hex/Erth       0%         N/A       100%        4
 Petrify                  Tmut/Erth      0%         N/A       100%        4
 Sticky Flame             Conj/Fire      0%         2d3       100%        4
 Summon Lightning Spire   Summ/Air       0%         N/A       100%        4
 Alistair's Intoxication  Tmut/Pois      0%         N/A       100%        5
 Bolt of Magma            Conj/Fire/Erth 0%         4d4       100%        5
 Borgnjor's Vile Clutch   Necr/Erth      0%         N/A       100%        5
 Excruciating Wounds      Necr           0%         N/A       100%        5
 Freezing Cloud           Conj/Ice/Air   0%         6-21      100%        5
 Manifold Assault         Tloc           0%         N/A       100%        5
 Metabolic Englaciation   Hex/Ice        0%         N/A       100%        5
 Summon Forest            Summ/Tloc      0%         N/A       100%        5
 Summon Mana Viper        Hex/Summ       0%         N/A       100%        5
 Yara's Violent Unravell  Hex/Tmut       0%         3d3       100%        5
 Dispersal                Tloc           0%         N/A       100%        6
 Eringya's Noxious Bog    Tmut/Pois      0%         N/A       100%        6
 Shadow Creatures         Summ           N/A        N/A       100%        6
 Simulacrum               Ice/Necr       0%         N/A       100%        6
 Starburst                Conj/Fire      0%         6d3       100%        6
 Haunt                    Necr/Summ      0%         N/A       100%        7
 Ozocubu's Refrigeration  Ice            0%         4d5       100%        7
 Summon Hydra             Summ           0%         N/A       100%        7
 Disjunction              Tloc           0%         N/A       100%        8
 Maxwell's Capacitive Co  Air            0%         ∞         100%        8
 Summon Horrible Things   Summ           0%         N/A       100%        8
 Polar Vortex             Ice            0%         N/A       100%        9
 Ice Form                 Ice/Tmut       Unusable   N/A       N/A         4
 Statue Form              Tmut/Erth      Unusable   N/A       N/A         6
 Storm Form               Tmut/Air       Unusable   N/A       N/A         7
 Necromutation            Tmut/Necr      Unusable   N/A       N/A         8

Skill      XL: |  1  2  3  4  5  6  7  8  9 10 11 12 13 14 15 16 17 18 19 20 21 22 |
---------------+-------------------------------------------------------------------+-----
Polearms       | 2 |  2.7
Maces & Flails | 1 3 4 5 7 9 10 11 13 14 15 16 | 16.9
Fighting       | 4 5 6 7 8 9 10 11 12 13 15 16 17 18 19 20 | 20.7
Invocations    | 2 4 5 |  5.0
Armour         | 3 4 5 7 8 10 11 12 13 14 15 16 | 16.0
Shields        | 1 4 5 9 11 13 14 15 | 15.0
Dodging        | 2 6 9 10 | 10.0
Stealth        | |  4.1

Action                   |  1- 3 |  4- 6 |  7- 9 | 10-12 | 13-15 | 16-18 | 19-21 | 22-24 || total
-------------------------+-------+-------+-------+-------+-------+-------+-------+-------++-------
Melee: Spear             |   107 |       |       |       |       |       |       |       ||   107
       Great mace        |    26 |    53 |   239 |   312 |       |       |       |       ||   630
       Eveningstar       |       |       |       |   328 |  1166 |  1394 |  1798 |   137 ||  4823
Throw: Throwing net      |       |       |       |       |     3 |     4 |     1 |       ||     8
Invok: Animate Remains   |       |     1 |    35 |       |       |       |       |       ||    36
       Animate Dead      |       |       |     1 |    54 |    73 |   114 |    39 |     8 ||   289
       Recall Undead Sla |       |       |       |       |     9 |    21 |    14 |     2 ||    46
       Enslave Soul      |       |       |       |       |     4 |     1 |       |       ||     5
       Drain Life        |       |       |       |       |     1 |     3 |       |       ||     4
Evoke: Wand              |     3 |     4 |    25 |     7 |    25 |    19 |       |       ||    83
       Piece from Xom's  |       |       |       |       |       |     1 |     1 |       ||     2
  Use: Scroll            |     8 |       |     5 |     6 |     8 |    16 |     6 |     2 ||    51
 Stab: Sleeping          |     6 |       |       |       |       |       |       |       ||     6
       Distracted        |       |       |     3 |     9 |     9 |    21 |     5 |     1 ||    48
       Paralysed         |       |       |       |     4 |       |     4 |       |       ||     8
       Petrified         |       |       |       |     2 |       |       |       |       ||     2
       Held in net/web   |       |       |       |       |     2 |     1 |     2 |       ||     5
       Confused          |       |       |       |       |       |     3 |       |       ||     3
Armor: Leather armour    |    20 |       |       |       |       |       |       |       ||    20
       Ring mail         |    29 |    37 |     5 |       |       |       |       |       ||    71
       Plate armour      |       |       |   227 |   742 |   835 |  1056 |   746 |    67 ||  3673
Dodge: Dodged            |    67 |    56 |   112 |   280 |   364 |   410 |   432 |    45 ||  1766
Block: Other             |       |       |    89 |    83 |       |       |       |       ||   172
       Reflection        |       |       |     1 |     2 |       |    13 |    20 |     3 ||    39
       Buckler           |       |       |       |    84 |   219 |       |       |       ||   303
       Kite shield       |       |       |       |       |    62 |   845 |   899 |    56 ||  1862

Inventory:

Hand Weapons
 a - a +9 eveningstar of flaming (weapon)
Missiles
 o - 6 throwing nets (quivered)
Armour
 c - a +1 cloak of preservation {rCorr}
 i - a +2 helmet (worn)
 j - a scarf of resistance (worn) {rF+ rC+}
 F - the +1 pair of boots of the Tundras (worn) {Will+}

   Will:      It increases your willpower.
 G - the +0 pair of gloves "Goun" (worn) {rF+ rC+ MP-9} rF: It protects you from fire. rC: It protects you from cold. MP: It affects your magic capacity (-9).
 J - a +2 plate armour of positive energy (worn) {rN+}
 K - a +2 tower shield of cold resistance {rC+}
 L - a +0 kite shield of cold resistance {rC+}
 M - a +0 kite shield of reflection (worn)
 P - a +0 pair of boots of rampaging
Jewellery
 e - an amulet of regeneration (around neck)
 k - a ring of protection from fire
 n - a ring of fire {rF++ rC-}
 q - a +4 ring of protection (right hand)
 u - a ring of see invisible
 C - a +6 ring of strength
 E - a ring of willpower {Will+}
 N - the ring of Dishonour (left hand) {Fly Str+9 Int+6 Slay-4}

   [ring of flight]

   Str:       It affects your strength (+9).
   Int:       It affects your intelligence (+6).
   Slay:      It affects your accuracy & damage with ranged weapons and melee
   (-4).
   Fly:       It grants you flight.
Wands
 d - a wand of digging (17)
 h - a wand of charming (13)
 s - a wand of mindburst (6)
 v - a wand of acid (12)
 w - a wand of flame (6)
 x - a wand of iceblast (39)
 D - a wand of paralysis (18)
 O - a wand of polymorph (10)
Scrolls
 b - 5 scrolls of immolation
 f - 5 scrolls of fog
 g - a scroll of enchant weapon
 l - 4 scrolls of summoning
 m - 5 scrolls of torment
 p - 3 scrolls of silence
 r - 39 scrolls of identify
 t - 20 scrolls of teleportation
 y - 2 scrolls of magic mapping
 z - 2 scrolls of fear
 A - 8 scrolls of noise
 B - 4 scrolls of blinking
 H - a scroll of brand weapon
 I - 6 scrolls of enchant armour


You were on level 3 of the Depths.
You worshipped Yredelemnul.
Yredelemnul was exalted by your worship.
You visited 10 branches of the dungeon, and saw 43 of its levels.
You also visited: Bailey and Ice Cave.

You collected 7962 gold pieces.
You spent 1523 gold pieces at shops.

Dungeon Overview and Level Annotations

Branches:
Dungeon (15/15)            Temple (1/1) D:4            Lair (6/6) D:11
  Swamp (4/4) Lair:2       Spider (4/4) Lair:3        Slime (0/5) Lair:5
    Orc (2/2) D:10            Elf (1/3) Orc:2        Vaults (4/5) D:14
  Crypt (3/3) Vaults:2       Tomb (0/3) Crypt:3      Depths (3/5) D:15
 Bailey (visited)           IceCv (visited)

Altars:
Ashenzari
Cheibriados
Dithmenos
Elyvilon
Fedhas
Gozag
Hepliaklqana
Kikubaaqudgha
Makhleb
Nemelex Xobeh
Okawaru
Qazlal
Ru
Sif Muna
Trog
Uskayaw
Vehumet
Wu Jian
Xom
Yredelemnul
Zin
The Shining One
Jiyva

Shops:
D:5 ?   Orc:1 ![:((   Orc:2 *?*(   Vaults:2 (   Depths:2 (

Portals:
Hell: Depths:1 Depths:2 Depths:3
Abyss: D:3 Depths:1 Depths:2
Ziggurat: Depths:1

Annotations:
Vaults:1 1 runed translucent door, Siling's ghost, adept DjFE

..........#. ..#
#....$.....## ..#
#.........#..
.##..##..........####
...............#...
#........(....[#.#(.
#.............#.#..#
#.##..y##..Y..........
#...(.@.#.......#.#.# .
#............i./#.#$##.
##....##.....D.........
#.... ##...........D..
#.... #...§.....Q)##
#..... #.......§.>..#.
##...# ................
#### #...........(....
#..##..y.........


You could see an ice dragon, an elephant (summoned, berserk), a spark wasp and a
spriggan berserker (regenerating, strong-willed).

Notes
Turn   | Place    | Note
-------+----------+-------------------------------------------
     0 | D:5      | theanonym the Mummy Delver began the quest for the Orb.
     0 | D:5      | Reached XP level 1. HP: 18/18 MP: 1/1
    11 | D:5      | Found Qiemup's Magic Scroll Boutique.
   119 | D:4      | Noticed a necrophage
   128 | D:4      | Noticed an iguana
   145 | D:3      | Noticed a water moccasin zombie
   204 | D:4      | Found a staircase to the Ecumenical Temple.
   219 | Temple   | Entered the Ecumenical Temple
   325 | Temple   | Became a worshipper of Yredelemnul the Dark
   370 | D:4      | Reached skill level 2 in Polearms
   370 | D:4      | Reached XP level 2. HP: 21/24 MP: 2/2
   508 | D:3      | HP: 12/24 [water moccasin zombie (2)]
   510 | D:3      | HP: 5/24 [water moccasin zombie (3)]
   512 | D:3      | HP: 1/24 [water moccasin zombie (5)]
   591 | D:3      | Noticed Robin
  1172 | D:2      | HP: 11/24 [orc (2)]
  1174 | D:2      | Reached XP level 3. HP: 14/29 MP: 3/3
  1180 | D:2      | HP: 10/29 [orc (3)]
  2196 | D:1      | Identified a scroll of acquirement
  2197 | D:1      | Acquired a +6 great mace of protection
  2325 | D:2      | Found a faded altar of an unknown god.
  2751 | D:2      | HP: 12/29 [hobgoblin[Robin] (5)]
  2763 | D:2      | HP: 12/29 [goblin[Robin] (1)]
  2996 | D:3      | Reached skill level 1 in Maces & Flails
  2996 | D:3      | Reached XP level 4. HP: 25/37 MP: 4/4
  3207 | D:3      | Noticed Sigmund
  3229 | D:3      | Reached * piety under Yredelemnul
  3230 | D:3      | HP: 18/37 [Sigmund (8)]
  3236 | D:3      | HP: 10/37 [Sigmund (6)]
  3237 | D:3      | Killed Sigmund
  3238 | D:3      | Reached skill level 4 in Fighting
  3238 | D:3      | Reached skill level 3 in Maces & Flails
  3238 | D:3      | Reached XP level 5. HP: 12/43 MP: 5/5
  3539 | D:3      | Reached XP level 6. HP: 49/49 MP: 6/6
  3673 | D:3      | Noticed Grinder
  3685 | D:3      | Paralysed by Grinder for 4 turns
  3689 | D:3      | Killed Grinder
  3690 | D:3      | Reached skill level 5 in Fighting
  3690 | D:3      | Reached skill level 4 in Maces & Flails
  3740 | D:3      | Reached XP level 7. HP: 56/56 MP: 7/7
  3942 | D:3      | Found a transporter.
  3955 | D:3      | Found a transporter.
  3973 | D:3      | Found a one-way gate to the infinite horrors of the Abyss.
  3973 | D:3      | Noticed MoonlitKnight's ghost (amateur MfGl)
  4157 | D:3      | Noticed Jessica
  4165 | D:3      | Killed Jessica
  4304 | D:3      | Killed Robin
  4613 | D:4      | Noticed a steam dragon
  4619 | D:3      | Killed a steam dragon
  4735 | D:4      | Reached skill level 5 in Maces & Flails
  4783 | D:4      | Reached ** piety under Yredelemnul
  4925 | D:4      | Reached skill level 6 in Fighting
  5018 | D:4      | Reached XP level 8. HP: 64/64 MP: 8/8
  5103 | D:4      | Reached skill level 6 in Maces & Flails
  5107 | D:4      | HP: 32/64 [ufetubus (3)]
  5113 | D:4      | HP: 26/64 [ufetubus (1)]
  5119 | D:4      | HP: 22/65 [adder (2)]
  5458 | D:4      | Found a sacrificial altar of Ru.
  5463 | D:4      | Found a broken altar of Ashenzari.
  5463 | D:4      | Found a hide-covered altar of Uskayaw.
  5474 | D:4      | Found an ornate altar of the Wu Jian Council.
  5478 | D:4      | Found a hazy altar of Hepliaklqana.
  5778 | D:4      | Found a sacrificial altar of Ru.
  5783 | D:4      | Found a broken altar of Ashenzari.
  5783 | D:4      | Found a hide-covered altar of Uskayaw.
  5794 | D:4      | Found an ornate altar of the Wu Jian Council.
  5798 | D:4      | Found a hazy altar of Hepliaklqana.
  5865 | D:4      | Found a staircase to the Ecumenical Temple.
  6153 | D:5      | Reached skill level 1 in Invocations
  6682 | D:5      | Got Jainkus's Compendium of Companions
  6801 | D:5      | Bought a scroll of teleportation for 42 gold pieces
  6933 | D:5      | Reached skill level 2 in Invocations
  6972 | D:5      | Reached skill level 7 in Fighting
  6972 | D:5      | Reached skill level 7 in Maces & Flails
  6979 | D:5      | Reached XP level 9. HP: 38/72 MP: 9/11
  7367 | D:6      | Reached skill level 3 in Invocations
  7600 | D:6      | HP: 31/72 [wight (7)]
  7937 | D:6      | Noticed a troll
  7943 | D:6      | Killed a troll
  7944 | D:6      | Reached skill level 8 in Maces & Flails
  8174 | D:6      | Noticed Prince Ribbit
  8427 | D:6      | Killed Prince Ribbit
  8759 | D:7      | Reached skill level 4 in Invocations
  8850 | D:7      | Reached skill level 8 in Fighting
  9481 | D:8      | Noticed a two-headed ogre
  9500 | D:7      | Reached *** piety under Yredelemnul
  9892 | D:8      | HP: 34/75 [two-headed ogre (5)]
  9893 | D:8      | Killed a two-headed ogre
  9894 | D:8      | Reached skill level 9 in Maces & Flails
  9894 | D:8      | Reached XP level 10. HP: 37/82 MP: 13/13
 10132 | D:8      | Reached skill level 5 in Invocations
 10777 | D:9      | Noticed a two-headed ogre
 10954 | D:9      | Reached skill level 1 in Armour
 11419 | D:9      | Killed a two-headed ogre
 11420 | D:9      | Reached skill level 9 in Fighting
 11420 | D:9      | Reached skill level 2 in Armour
 11617 | D:9      | Reached skill level 10 in Maces & Flails
 11887 | D:9      | Reached skill level 3 in Armour
 12504 | D:9      | Noticed a harpy
 12504 | D:9      | a black bear changed into a harpy
 12510 | D:9      | Noticed a black mamba
 12510 | D:9      | a harpy changed into a black mamba
 12514 | D:9      | Killed a black mamba
 12515 | D:9      | Reached XP level 11. HP: 65/89 MP: 14/14
 12628 | D:9      | Reached **** piety under Yredelemnul
 12673 | D:10     | Entered Level 10 of the Dungeon
 12704 | D:10     | Received a gift from Yredelemnul (a mummy)
 12736 | D:10     | Found an opulent altar of Gozag.
 12756 | D:10     | HP: 38/89 [slime creature (11)]
 12759 | D:10     | HP: 17/89 [slime creature (10)]
 12789 | D:10     | HP: 4/89 [slime creature (15)]
 13252 | D:10     | Found a staircase to the Orcish Mines.
 13473 | D:10     | HP: 43/90 [acid dragon/splash of acid (22)]
 13810 | D:10     | Got the Volume of Thrice Damned Blessings
 14319 | Orc:1    | Entered Level 1 of the Orcish Mines
 14330 | Orc:1    | Noticed an orc high priest
 14338 | Orc:1    | Noticed an orc sorcerer
 14339 | Orc:1    | Killed an orc high priest
 14340 | Orc:1    | Reached skill level 4 in Armour
 14351 | D:10     | Reached skill level 10 in Fighting
 14413 | Orc:1    | Reached skill level 11 in Maces & Flails
 14421 | Orc:1    | Killed an orc sorcerer
 14541 | Orc:1    | Noticed an orc knight
 14551 | Orc:1    | Killed an orc knight
 14552 | Orc:1    | HP: 43/91 [orc[an orc knight] (9)]
 14745 | D:11     | Noticed a boulder beetle
 14755 | D:11     | Killed a boulder beetle
 14788 | D:11     | Found a flagged portal.
 14801 | Bailey   | Entered a bailey
 14821 | Bailey   | Received a gift from Yredelemnul (5 flying skulls)
 15072 | Bailey   | HP: 46/92 [gnoll (4)]
 15075 | Bailey   | HP: 19/92 [gnoll shaman (6)]
 15200 | Bailey   | Identified the +0 cloak "Wisadghed" {Drain Int+6}
 15383 | D:11     | Noticed a four-headed hydra
 15391 | D:11     | Killed a four-headed hydra
 15392 | D:11     | Reached skill level 1 in Shields
 15850 | D:11     | HP: 27/92 [gargoyle/stone arrow (25)]
 16009 | D:11     | Found a staircase to the Lair.
 16336 | Lair:1   | Entered Level 1 of the Lair of Beasts
 16386 | Lair:1   | Reached XP level 12. HP: 95/99 MP: 15/15
 16394 | Lair:1   | Reached skill level 2 in Shields
 16739 | Lair:1   | Found a shadowy altar of Dithmenos.
 16747 | Lair:1   | Reached skill level 12 in Maces & Flails
 16817 | Lair:1   | Noticed a five-headed hydra
 16823 | Lair:1   | Killed a five-headed hydra
 16823 | Lair:1   | Received a gift from Yredelemnul (a mummy)
 16824 | Lair:1   | Reached skill level 11 in Fighting
 16850 | Lair:1   | Reached skill level 3 in Shields
 17307 | Lair:2   | Found a staircase to the Swamp.
 17379 | Lair:1   | HP: 48/100 [cane toad (9)]
 17620 | Lair:2   | Reached ***** piety under Yredelemnul
 17623 | Lair:2   | HP: 43/100 [cane toad (13)]
 17840 | Lair:2   | Reached skill level 4 in Shields
 17845 | Lair:2   | Received a gift from Yredelemnul (a mummy)
 17978 | Lair:2   | Noticed a catoblepas
 17991 | Lair:2   | HP: 48/100 [catoblepas (15)]
 17996 | Lair:2   | HP: 20/100 [catoblepas/blast of calcifying dust (7)]
 17996 | Lair:2   | Killed a catoblepas
 17997 | Lair:2   | Reached skill level 5 in Armour
 18145 | Lair:2   | Identified the +1 leather armour of the Turtle {+Inv rPois}
 18625 | Lair:3   | Found a hole to the Spider Nest.
 18653 | Lair:3   | Reached skill level 13 in Maces & Flails
 18750 | Lair:3   | Noticed a six-headed hydra
 18750 | Lair:3   | Noticed an eight-headed hydra
 18750 | Lair:3   | Noticed a six-headed hydra
 18761 | Lair:3   | Killed an eight-headed hydra
 18762 | Lair:3   | Gained mutation: You are in touch with the powers of death.
                  | [Mummy growth]
 18762 | Lair:3   | Reached XP level 13. HP: 98/107 MP: 14/16
 18767 | Lair:3   | HP: 51/107 [six-headed hydra (7)]
 18770 | Lair:3   | Received a gift from Yredelemnul (a wight)
 19014 | Lair:3   | Identified the +1 pair of boots of the Tundras {Will+}
 19076 | Lair:2   | Received a gift from Yredelemnul (a wight)
 19341 | Lair:3   | Found a large runed translucent door.
 19341 | Lair:3   | Found a large runed translucent door.
 19341 | Lair:3   | Noticed EtherCrawl's ghost (journeyman HOFi)
 19723 | Lair:2   | Killed EtherCrawl's ghost
 19724 | Lair:2   | Reached skill level 12 in Fighting
 19881 | Lair:4   | Reached skill level 6 in Armour
 20062 | Lair:4   | Received a gift from Yredelemnul (a wight)
 20925 | Lair:5   | You fall into a shaft and drop 1 floor!
 20925 | Lair:6   | Entered Level 6 of the Lair of Beasts
 21078 | Lair:5   | HP: 52/108 [dream sheep[a torpor snail] (6)]
 21464 | Lair:5   | Found a viscous altar of Jiyva.
 21464 | Lair:5   | Found a staircase to the Slime Pits.
 22099 | Lair:5   | HP: 51/109 [eight-headed hydra (12)]
 22099 | Lair:5   | HP: 20/109 [eight-headed hydra (12)]
 22177 | Lair:5   | Reached skill level 14 in Maces & Flails
 22179 | Lair:5   | Received a gift from Yredelemnul (a wraith)
 22279 | Lair:6   | Reached skill level 7 in Armour
 22362 | Lair:6   | Received a gift from Yredelemnul (a phantasmal warrior)
 22715 | Lair:6   | Reached XP level 14. HP: 109/116 MP: 17/17
 22758 | Lair:6   | Reached ****** piety under Yredelemnul
 22835 | Lair:6   | HP: 56/116 [dire elephant zombie (4)]
 22836 | Lair:6   | Received a gift from Yredelemnul (a skeletal warrior)
 23107 | Lair:6   | Reached skill level 13 in Fighting
 23108 | Lair:6   | Identified the ring of Xakicluw {rPois rF- rN+ Slay-6
                  | Stlth+}
 23182 | Lair:6   | Received a gift from Yredelemnul (a wraith)
 23215 | Lair:6   | HP: 58/118 [dire elephant (12)]
 23222 | Lair:6   | HP: 59/118 [dire elephant simulacrum[a necromancer] (3)]
 24030 | Orc:2    | Entered Level 2 of the Orcish Mines
 24120 | Orc:2    | Received a gift from Yredelemnul (a flayed ghost)
 24215 | Orc:2    | HP: 42/118 [deep elf zephyrmancer/bolt of lightning (34)]
 24216 | Orc:2    | Reached skill level 8 in Armour
 24216 | Orc:2    | HP: 20/118 [deep elf zephyrmancer/bolt of lightning (20)]
 24221 | Orc:2    | HP: 17/118 [deep elf pyromancer/bolt of fire (1)]
 24223 | Orc:2    | HP: 8/118 [deep elf pyromancer/bolt of fire (11)]
 24233 | Orc:2    | HP: 11/118 [ogre (10)]
 24236 | Orc:2    | Reached skill level 15 in Maces & Flails
 24238 | Orc:2    | HP: 5/118 [orc priest/divine providence (11)]
 24244 | Orc:2    | HP: 12/118 [troll (1)]
 24246 | Orc:2    | Found Vuhih's Weapon Shop.
 24246 | Orc:2    | Found Ugrengib's Magic Scroll Boutique.
 24246 | Orc:2    | Found Berit's Assorted Antiques.
 24249 | Orc:2    | Found Celis's Assorted Antiques.
 24269 | Orc:2    | HP: 26/118 [cyclops (16)]
 24357 | Orc:2    | Found a staircase to the Elven Halls.
 24460 | Orc:1    | Noticed Erica
 24477 | Orc:2    | Killed Erica
 24522 | Orc:1    | Found Umeron's Armour Shop.
 24624 | Orc:1    | Found Murah's Distillery.
 24685 | Orc:1    | Found Qoleibun's Book Emporium.
 24697 | Orc:1    | Found Mukhlun's Antique Weapon Boutique.
 24827 | Orc:1    | Found Iduho's Weapon Boutique.
 24963 | Orc:2    | Received a gift from Yredelemnul (a wraith)
 25149 | Orc:2    | Received a gift from Yredelemnul (a vampire)
 25160 | Orc:2    | Your ally Erica died
 25164 | Orc:2    | HP: 55/118 [something (7)]
 25189 | Orc:2    | HP: 57/118 [something (5)]
 25195 | Orc:2    | HP: 50/119 [ogre (9)]
 25418 | Orc:2    | Bought a scroll of blinking for 127 gold pieces
 25418 | Orc:2    | Bought a scroll of magic mapping for 59 gold pieces
 25418 | Orc:2    | Bought a scroll of fog for 34 gold pieces
 25804 | Orc:2    | Received a gift from Yredelemnul (a phantasmal warrior)
 25990 | D:12     | Noticed Kirke
 26144 | D:12     | Killed Kirke
 26192 | D:12     | Reached XP level 15. HP: 125/125 MP: 18/18
 26360 | D:12     | HP: 60/125 [large slime creature (18)]
 26380 | D:12     | HP: 55/125 [slime creature (9)]
 26385 | D:12     | HP: 36/125 [large slime creature (23)]
 26990 | Orc:1    | Bought a +2 plate armour of positive energy for 666 gold
                  | pieces
 27189 | D:13     | Received a gift from Yredelemnul (a ghoul)
 27258 | D:13     | Reached skill level 9 in Armour
 27284 | D:13     | Reached skill level 14 in Fighting
 27288 | D:13     | Received a gift from Yredelemnul (a vampire knight)
 27487 | D:13     | Found a runed translucent door.
 27501 | D:13     | Found a runed translucent door.
 27513 | D:13     | Found a runed translucent door.
 27527 | D:13     | Found a runed translucent door.
 28140 | D:14     | Found a gate to the Vaults.
 28274 | D:14     | Received a gift from Yredelemnul (a phantasmal warrior)
 28430 | D:14     | Reached skill level 16 in Maces & Flails
 28645 | D:14     | HP: 63/126 [white ugly thing (7)]
 28954 | D:15     | Entered Level 15 of the Dungeon
 29065 | D:15     | HP: 59/126 [very large slime creature (8)]
 29159 | D:15     | Received a gift from Yredelemnul (a phantasmal warrior)
 29311 | D:15     | Received a gift from Yredelemnul (a vampire knight)
 29356 | D:15     | Found a hide-covered altar of Uskayaw.
 29731 | D:15     | Reached skill level 10 in Armour
 29960 | D:15     | Found a staircase to the Depths.
 30459 | D:3      | Killed MoonlitKnight's ghost
 30524 | D:3      | theanonym: !lg . sprint
 30524 | D:3      | beem: 108. theanonym the Fencer (L12 DDGl of Makhleb),
                  | demolished by an ettin in Sprint (Sprint IX:
                  | "|||||||||||||||||||||||||||||") on 2021-08-29 13:33:30,
                  | with 21543 points after 2061 turns and 0:08:48.
 30846 | Swamp:1  | Entered Level 1 of the Swamp
 30932 | Swamp:1  | Noticed Josephine
 30949 | Swamp:1  | Killed Josephine
 30949 | Swamp:1  | Received a gift from Yredelemnul (a bone dragon)
 30973 | Swamp:1  | Reached skill level 15 in Fighting
 31474 | Swamp:1  | Identified the +5 trident "Ebagg" {flame, rPois Dex+4
                  | Stlth-}
 31516 | Swamp:2  | HP: 62/129 [ghost crab (6)]
 31634 | Swamp:2  | Reached skill level 5 in Shields
 31694 | Swamp:2  | Identified the +8 long sword "Xoffai" {flame, *Rage Int+8
                  | Dex+6 SInv}
 32047 | Swamp:2  | Reached XP level 16. HP: 129/136 MP: 19/19
 32122 | Swamp:3  | Received a gift from Yredelemnul (a phantasmal warrior)
 32181 | Swamp:3  | Noticed Donald
 32183 | Swamp:3  | Noticed a thorn hunter
 32188 | Swamp:3  | Killed Donald
 32195 | Swamp:3  | Killed a thorn hunter
 32215 | Swamp:3  | Your ally Donald died
 32291 | Swamp:3  | Noticed Roxanne
 32385 | Swamp:3  | Reached skill level 6 in Shields
 32398 | Swamp:3  | HP: 65/136 [spriggan druid/stone arrow (39)]
 32400 | Swamp:3  | HP: 20/136 [spriggan rider (17)]
 32417 | Swamp:3  | HP: 62/136 [spriggan druid/stone arrow (15)]
 32825 | Swamp:4  | Entered Level 4 of the Swamp
 32958 | Swamp:4  | HP: 66/136 [bunyip (21)]
 32963 | Swamp:4  | Received a gift from Yredelemnul (a phantasmal warrior)
 33022 | Swamp:3  | HP: 51/136 [Roxanne/crystal spear (49)]
 33024 | Swamp:3  | Killed Roxanne
 33271 | Swamp:4  | HP: 63/136 [lindwurm (11)]
 33276 | Swamp:4  | Reached skill level 7 in Shields
 33279 | Swamp:4  | HP: 38/136 [fire dragon/blast of flame (17)]
 33285 | Swamp:4  | HP: 35/136 [something/blast of flame (7)]
 33289 | Swamp:4  | HP: 8/136 [fire dragon (13)]
 33299 | Swamp:4  | HP: 26/136 [swamp drake (1)]
 33300 | Swamp:4  | Received a gift from Yredelemnul (a ghoul)
 33488 | Spider:1 | Entered Level 1 of the Spider Nest
 33488 | Spider:1 | Found a frozen archway.
 33495 | IceCv    | Entered an ice cave
 33539 | IceCv    | HP: 65/136 [entropy weaver simulacrum (7)]
 33545 | IceCv    | HP: 40/136 [freezing wraith (8)]
 33557 | IceCv    | Received a gift from Yredelemnul (a vampire knight)
 33832 | IceCv    | Identified the +0 pair of gloves "Genurevi" {Stlth+}
 34221 | IceCv    | Noticed an Ice Fiend
 34221 | IceCv    | Noticed an Ice Fiend
 34236 | IceCv    | HP: 57/136 [Ice Fiend/bolt of cold (12)]
 34240 | IceCv    | HP: 22/136 [Ice Fiend/bolt of cold (12)]
 34240 | IceCv    | Killed an Ice Fiend
 34245 | IceCv    | Killed an Ice Fiend
 34839 | Spider:1 | Received a gift from Yredelemnul (a phantasmal warrior)
 34867 | Spider:1 | Reached skill level 8 in Shields
 34911 | Spider:1 | Acquired the ring of Dishonour {Fly Str+9 Int+6 Slay-4}
 35068 | Spider:1 | Received a gift from Yredelemnul (a bone dragon)
 35447 | Spider:2 | Received a gift from Yredelemnul (a profane servitor)
 35459 | Spider:1 | HP: 67/138 [redback (5)]
 35464 | Spider:1 | HP: 24/138 [redback (12)]
 35716 | Spider:2 | Received a gift from Yredelemnul (a phantasmal warrior)
 35723 | Spider:2 | HP: 69/138 [wolf spider (14)]
 35850 | Spider:1 | Reached skill level 16 in Fighting
 36055 | Spider:2 | Reached skill level 9 in Shields
 36382 | Spider:3 | Reached XP level 17. HP: 134/144 MP: 0/20
 36614 | Spider:3 | Received a gift from Yredelemnul (a vampire)
 36833 | Spider:3 | Noticed Arachne
 36860 | Spider:3 | Killed Arachne
 36890 | Spider:3 | Noticed Jorgrun
 36904 | Spider:3 | Killed Jorgrun
 36918 | Spider:3 | HP: 72/144 [entropy weaver (4)]
 36926 | Spider:3 | HP: 63/144 [entropy weaver (2)]
 37594 | Spider:4 | Entered Level 4 of the Spider Nest
 37610 | Spider:3 | Received a gift from Yredelemnul (a phantasmal warrior)
 37631 | Spider:4 | Noticed Louise
 37992 | Swamp:4  | Reached skill level 11 in Armour
 38219 | Swamp:4  | Reached skill level 10 in Shields
 38423 | Swamp:4  | Acquired 1234 gold pieces
 38485 | Swamp:4  | Received a gift from Yredelemnul (a vampire)
 38968 | Swamp:4  | Got a decaying rune of Zot
 39346 | Spider:3 | Killed Louise
 39431 | Spider:4 | HP: 71/145 [disintegration (39)]
 39493 | Spider:4 | Received a gift from Yredelemnul (a skeletal warrior)
 39737 | Spider:4 | HP: 73/146 [wolf spider (11)]
 40496 | Spider:4 | Reached skill level 11 in Shields
 40707 | Spider:4 | Received a gift from Yredelemnul (a ghoul)
 40888 | Spider:4 | Got a gossamer rune of Zot
 41305 | D:5      | Bought a scroll of summoning for 133 gold pieces
 41305 | D:5      | Bought a scroll of enchant weapon for 105 gold pieces
 41305 | D:5      | Bought a scroll of teleportation for 42 gold pieces
 41305 | D:5      | Bought a scroll of summoning for 133 gold pieces
 41305 | D:5      | Bought a scroll of immolation for 49 gold pieces
 41305 | D:5      | Bought a scroll of enchant armour for 105 gold pieces
 41306 | D:5      | Bought a scroll of fog for 28 gold pieces
 41475 | Elf:1    | Entered Level 1 of the Elven Halls
 41487 | Elf:1    | HP: 70/146 [deep elf pyromancer/bolt of fire (10)]
 41721 | Vaults:1 | Entered Level 1 of the Vaults
 41806 | Vaults:1 | Reached XP level 18. HP: 131/153 MP: 19/21
 41877 | Vaults:1 | Received a gift from Yredelemnul (a flayed ghost)
 42687 | Vaults:1 | Reached skill level 17 in Fighting
 42884 | Vaults:1 | Reached skill level 12 in Shields
 42908 | Vaults:1 | Received a gift from Yredelemnul (a skeletal warrior)
 42912 | Vaults:1 | Reached skill level 12 in Armour
 42986 | Vaults:1 | HP: 62/154 [vault guard[a vault warden] (16)]
 43693 | Vaults:1 | Found a runed translucent door.
 43693 | Vaults:1 | Noticed Siling's ghost (adept DjFE)
 43696 | Vaults:1 | Found a shimmering altar of Xom.
 43747 | Vaults:1 | HP: 74/155 [deep troll[an ironbound preserver] (4)]
 43760 | Vaults:1 | HP: 61/155 [dire elephant[an ironbound beastmaster] (6)]
 43766 | Vaults:1 | HP: 62/155 [deep troll[an ironbound preserver] (6)]
 44018 | Vaults:1 | HP: 63/155 [yaktaur captain/bolt (26)]
 44705 | Vaults:2 | Reached skill level 13 in Shields
 44775 | Vaults:2 | HP: 73/155 [deep troll[an ironbound preserver] (18)]
 44813 | Vaults:1 | HP: 71/155 [deep troll[an ironbound preserver] (16)]
 44928 | Vaults:2 | HP: 73/155 [vault warden (15)]
 44935 | Vaults:2 | HP: 19/155 [ironbound frostheart/creeping frost[a vault
                  | warden] (24)]
 44941 | Vaults:2 | HP: 52/155 [ironbound frostheart/creeping frost[a vault
                  | warden] (11)]
 44943 | Vaults:2 | Received a gift from Yredelemnul (a vampire)
 45171 | Vaults:2 | Found Adghao Jaerch's Antique Weapon Boutique.
 45231 | Vaults:2 | HP: 70/156 [vault warden (11)]
 45347 | Vaults:2 | Reached XP level 19. HP: 152/162 MP: 22/22
 45608 | Vaults:2 | Received a gift from Yredelemnul (a ghoul)
 45738 | Vaults:2 | Found a staircase to the Crypt.
 46314 | Vaults:2 | Identified the ring "Rawnuoph" {Fly Will++ EV+4}
 46514 | Vaults:2 | theanonym: ??slay
 46514 | Vaults:2 | beem: slay ~ slaying[1/2]: Added to your weapon
                  | {enchantment}. Magic is unaffected, throwing and unarmed
                  | combat are affected.
 46514 | Vaults:2 | theanonym: ??slay {2
 46514 | Vaults:2 | beem: I don't have a page labeled slay_{2 in my learndb.
 46514 | Vaults:2 | theanonym: ??slay [2
 46514 | Vaults:2 | beem: slay ~ slaying[2/2]: Slaying rings are +4 (or -4, but
                  | don't wear those).
 46559 | Vaults:3 | Noticed Nikola
 46611 | Vaults:2 | HP: 75/163 [deep troll[an ironbound preserver] (12)]
 46618 | Vaults:2 | HP: 58/163 [deep troll[an ironbound preserver] (3)]
 46625 | Vaults:2 | HP: 51/163 [deep troll[an ironbound preserver] (3)]
 46837 | Vaults:3 | Noticed a dread lich
 46848 | Vaults:3 | Killed a dread lich
 46849 | Vaults:3 | Reached skill level 18 in Fighting
 46849 | Vaults:3 | Reached skill level 13 in Armour
 46854 | Vaults:3 | Reached skill level 14 in Shields
 46963 | Vaults:3 | Received a gift from Yredelemnul (a vampire)
 47095 | Vaults:3 | Noticed Frederick
 47105 | Vaults:3 | HP: 81/163 [Frederick/lance of force (17)]
 47106 | Vaults:3 | Killed Frederick
 47110 | Vaults:3 | HP: 66/163 [harpy (5)]
 47119 | Vaults:3 | HP: 47/163 [Nikola/arc of chain lightning (31)]
 47120 | Vaults:3 | Killed Nikola
 47355 | Vaults:3 | Your ally Nikola died
 47746 | Vaults:3 | Received a gift from Yredelemnul (a skeletal warrior)
 47754 | Vaults:3 | HP: 81/164 [deep troll[a glowing orange brain] (5)]
 48598 | Vaults:4 | Received a gift from Yredelemnul (a ghoul)
 48599 | Vaults:4 | Reached skill level 2 in Dodging
 49070 | Vaults:4 | Reached XP level 20. HP: 96/172 MP: 20/23
 49358 | Vaults:4 | Received a gift from Yredelemnul (a ghoul)
 49395 | Vaults:4 | Reached skill level 15 in Shields
 49835 | Vaults:4 | Reached skill level 3 in Dodging
 50090 | Crypt:1  | Entered Level 1 of the Crypt
 50443 | Crypt:1  | Reached skill level 4 in Dodging
 50716 | Crypt:1  | HP: 81/172 [skeletal warrior (18)]
 50725 | Crypt:1  | Reached skill level 14 in Armour
 50725 | Crypt:1  | HP: 61/172 [skeletal warrior[a skeletal warrior] (3)]
 50984 | Crypt:1  | You are sucked into a shaft and drop 1 floor!
 51170 | Crypt:1  | HP: 78/172 [death knight (16)]
 51180 | Crypt:1  | Reached skill level 19 in Fighting
 51412 | Crypt:2  | Reached skill level 5 in Dodging
 51675 | Crypt:2  | Received a gift from Yredelemnul (a vampire)
 52096 | Crypt:3  | Entered Level 3 of the Crypt
 52098 | Crypt:3  | Found a runed translucent door.
 52101 | Crypt:3  | Noticed Quwiwerch's ghost (veteran DrCj)
 52287 | Crypt:3  | Noticed Jory
 52299 | Crypt:2  | Killed Jory
 52661 | Crypt:3  | Found a staircase to the Tomb.
 52700 | Crypt:3  | Received a gift from Yredelemnul (a vampire knight)
 52701 | Crypt:3  | Reached skill level 6 in Dodging
 53150 | Crypt:3  | Learned a level 1 spell: Apportation
 53153 | Crypt:3  | Learned a level 2 spell: Blink
 53157 | Crypt:3  | Learned a level 3 spell: Lesser Beckoning
 53168 | Crypt:3  | Identified the ring of Sin {Contam Fly rPois rN++ Int+3}
 53394 | Crypt:3  | HP: 85/174 [skeletal warrior (22)]
 53500 | Crypt:3  | Received a gift from Yredelemnul (a phantasmal warrior)
 53513 | Crypt:3  | Noticed a bone dragon
 53540 | Crypt:3  | Killed a bone dragon
 53541 | Crypt:3  | Reached XP level 21. HP: 170/181 MP: 24/24
 53667 | Crypt:3  | Found a basalt altar of Yredelemnul.
 53749 | Crypt:3  | Noticed a dread lich
 53834 | Crypt:2  | Killed a dread lich
 53835 | Crypt:2  | Reached skill level 7 in Dodging
 54064 | Crypt:3  | HP: 82/182 [skeletal warrior (11)]
 54074 | Crypt:3  | HP: 62/182 [skeletal warrior (18)]
 54313 | Crypt:3  | Got Tiyqa's Grimoire of Unholy Rites
 54380 | Crypt:3  | Reached skill level 15 in Armour
 54663 | Crypt:3  | Identified the +0 pair of gloves "Goun" {rF+ rC+ MP-9}
 54753 | Crypt:3  | Killed Quwiwerch's ghost
 54754 | Crypt:3  | Reached skill level 8 in Dodging
 55094 | Depths:1 | Entered Level 1 of the Depths
 55133 | Depths:1 | Found a gateway to Hell.
 55287 | Depths:1 | Reached skill level 20 in Fighting
 55559 | Depths:1 | Found a gateway to a ziggurat.
 56223 | Depths:1 | Identified the +9 flail of Aralup {antimagic, rF+ rC- rN+}
 56443 | Depths:2 | HP: 83/183 [deep troll (21)]
 56948 | Depths:2 | Found Ynag's Antique Weapon Emporium.
 57503 | Depths:2 | Acquired 910 gold pieces
 57541 | Depths:2 | HP: 88/183 [titan/bolt of lightning (51)]
 57546 | Depths:2 | Reached skill level 9 in Dodging
 57547 | Depths:2 | HP: 60/183 [spriggan defender (1)]
 57555 | Depths:2 | HP: 59/183 [spriggan defender (1)]
 57560 | Depths:2 | HP: 40/183 [spriggan defender (24)]
 57926 | Depths:3 | Found a bloodstained altar of Trog.
 57949 | Depths:2 | HP: 91/184 [tengu reaver (19)]
 57950 | Depths:2 | Received a gift from Yredelemnul (a skeletal warrior)
 58095 | Depths:3 | Noticed a caustic shrike
 58096 | Depths:3 | Noticed a golden dragon
 58112 | Depths:2 | Killed a caustic shrike
 58181 | Depths:3 | Reached XP level 22. HP: 179/192 MP: 14/25
 58245 | Depths:2 | Killed a golden dragon
 58610 | Depths:3 | Acquired a +0 pair of boots of rampaging
 58705 | Depths:3 | Noticed a juggernaut
 58714 | Depths:3 | HP: 92/192 [juggernaut (37)]
 58716 | Depths:3 | Killed a juggernaut
 58719 | Depths:3 | HP: 81/192 [deep elf elementalist/fireball (16)]
 58899 | Depths:3 | Reached skill level 10 in Dodging
 58906 | Depths:3 | Reached skill level 16 in Armour
 58907 | Depths:3 | Paralysed by a floating eye for 3 turns
 58934 | Depths:3 | HP: 86/192 [spark wasp (21)]
 58939 | Depths:3 | HP: 64/192 [ice dragon/blast of cold (8)]
 58940 | Depths:3 | HP: 27/192 [elephant[a spriggan berserker] (6)]
 58944 | Depths:3 | HP: 6/192 [spark wasp (20)]
 58944 | Depths:3 | Mangled by a spark wasp

Vanquished Creatures
  A dread lich (Crypt:2)
  A juggernaut (Depths:3)
  The ghost of Quwiwerch the Eclecticist, a veteran DrCj of Vehumet (Crypt:3)
  Frederick (Vaults:3)
  Jory (Crypt:2)
  2 bone dragons (Crypt:3)
  Arachne (Spider:3)
  Jorgrun (Spider:3)
  4 liches
  A shard shrike skeleton (Crypt:1)
  2 titans
  4 sphinxes
  Kirke (D:12)
  8 ancient champions
  A tengu reaver (Depths:2)
  A thorn hunter (Swamp:3)
  Donald (Swamp:3)
  3 frost giants
  3 revenants
  A fire giant (Depths:3)
  2 emperor scorpions
  An iron dragon (Depths:2)
  5 ghost moths
  Louise (Spider:3)
  6 vault wardens
  2 curse skulls
  A ghoul (Swamp:1)
  An orc warlord (Vaults:4)
  9 ironbound preservers
  8 stone giants
  3 very ugly things
  A caustic shrike skeleton (Depths:3)
  A reaper (Crypt:3)
  A spriggan defender (Depths:3)
  A war gargoyle (Vaults:4)
  3 vampire knights
  4 spark wasps
  4 entropy weavers
  6 dire elephants
  2 bunyips
  3 eidola
  6 ettins
  An eleionoma (Swamp:2)
  A shambling mangrove (Swamp:4)
  2 deep elf death magi (Crypt:3)
  Josephine (Swamp:1)
  8 fire dragons
  5 jiangshi
  2 quicksilver dragon zombies
  15 hydras
  A quicksilver dragon skeleton (Crypt:3)
  4 great orbs of eyes
  8 yaktaur captains
  9 ironbound thunderhulks
  5 vault guards
  A rakshasa (Depths:1)
  6 boulder beetles
  4 ogre magi
  2 spriggan air magi
  7 ironbound frosthearts
  4 ice dragons
  2 death knights
  Erica (Orc:2)
  A peacekeeper (Vaults:2)
  16 two-headed ogres
  A dancing weapon (Elf:1)
  2 centaur warriors (Vaults:1)
  4 alligators
  6 vampire magi
  A death yak (Lair:6)
  3 ironbound beastmasters
  2 deep troll shamans
  7 tengu warriors
  3 deep troll earth magi
  An orc high priest (Orc:1)
  A soul eater (Crypt:1)
  2 shadow wraiths (Crypt:3)
  59 skeletal warriors
  An iron giant zombie (Crypt:1)
  An iron troll (Depths:2)
  46 deep trolls
  3 goliath frogs (Swamp:4)
  A glowing orange brain (Depths:3)
  3 spriggan druids
  An anaconda zombie (Crypt:2)
  A flayed ghost (Crypt:3)
  A shadow dragon zombie (Vaults:4)
  A spark wasp zombie (Crypt:1)
  8 phantasmal warriors
  5 lindwurms
  10 wizards
  6 necromancers
  5 swamp dragons (Swamp:4)
  7 harpies
  13 ironbound convokers
  2 obsidian statues
  3 bog bodies
  2 golden dragon skeletons (Crypt:3)
  8 orb spiders
  A harpy (shapeshifter) (D:14)
  2 orc knights (Orc:1)
  A frost giant zombie (Vaults:4)
  9 deep elf pyromancers
  An orc sorcerer (Orc:1)
  15 wolf spiders
  A wolf spider zombie (Crypt:1)
  A tengu skeleton (Vaults:2)
  A salamander (Depths:1)
  23 ugly things
  6 will-o-the-wisps
  A stone giant zombie (Vaults:4)
  12 vault sentinels
  3 cyclopes
  4 fire giant skeletons
  3 iron dragon skeletons
  2 stone giant skeletons (Vaults:2)
  9 elephants
  3 black mambas
  A dire elephant zombie (Lair:6)
  A gargoyle (D:12)
  A frost giant skeleton (Vaults:4)
  9 cane toads
  A minotaur zombie (Crypt:2)
  2 torpor snails
  A dire elephant skeleton (Crypt:3)
  2 elf skeletons
  4 rime drakes
  2 human zombies (Vaults:4)
  12 yaktaurs
  2 unseen horrors
  12 komodo dragons
  3 large abominations (Depths:1)
  2 freezing wraiths (IceCv)
  3 guardian mummies (Crypt:3)
  A rime drake (shapeshifter) (D:14)
  A komodo dragon (shapeshifter) (D:15)
  7 demonic crawlers
  2 yaktaur skeletons (Vaults:2)
  An ice devil (IceCv)
  A meliai (shapeshifter) (D:15)
  An entropy weaver simulacrum (IceCv)
  2 bloated husks (Swamp:1)
  14 trolls
  19 jumping spiders
  A hydra zombie (Crypt:3)
  13 hornets
  Grinder (D:3)
  Prince Ribbit (D:6)
  4 tyrant leeches
  A spectral elephant (Lair:6)
  A hydra skeleton (Crypt:3)
  A harpy skeleton (Crypt:3)
  28 slime creatures
  2 ettin zombies
  An ice dragon zombie (Crypt:1)
  An iron dragon simulacrum (Depths:3)
  12 dream sheep
  5 spriggans
  2 ettin skeletons
  9 flying skulls (Crypt:3)
  2 ice dragon skeletons (Crypt:3)
  Sigmund (D:3)
  A centaur simulacrum (D:14)
  51 redbacks
  A vampire (D:9)
  8 wyverns
  2 dire elephant simulacra (Lair:6)
  24 yaks
  5 wraiths
  A fire elemental (Swamp:4)
  22 tarantellas
  A hog (D:12)
  3 spriggan simulacra (IceCv)
  2 basilisks
  4 fire bats (Depths:1)
  3 steam dragons
  2 chaos spawn (Depths:1)
  11 vampire mosquitoes
  A warg (shapeshifter) (Depths:2)
  12 swamp worms
  5 acid dragons
  A minotaur simulacrum (IceCv)
  3 wargs
  3 spectral cane toads (Lair:6)
  A hydra simulacrum (IceCv)
  17 water moccasins
  An ogre skeleton (Vaults:2)
  2 ice beasts
  A floating eye (Depths:3)
  8 black bears
  7 swamp drakes
  A cane toad skeleton (Crypt:3)
  19 orc warriors
  2 elephant zombies
  An alligator simulacrum (IceCv)
  14 ogres
  2 necrophages
  38 wolves
  The ghost of MoonlitKnight the Poker, an amateur MfGl (D:3)
  3 centaurs
  A manticore skeleton (Crypt:1)
  A draconian zombie (Crypt:3)
  A phantom (D:7)
  3 kobold brigands
  9 small abominations
  4 gnoll sergeants (Bailey)
  7 human skeletons
  A komodo dragon skeleton (Crypt:3)
  10 bullfrogs
  A cane toad simulacrum (Lair:6)
  5 scorpions
  A water moccasin zombie (D:3)
  2 deep troll simulacra (IceCv)
  A wyvern skeleton (Crypt:1)
  A water moccasin skeleton (Crypt:3)
  A spriggan zombie (Crypt:2)
  An elephant simulacrum (Lair:6)
  17 killer bees
  A lindwurm simulacrum (IceCv)
  10 wights
  2 howler monkeys
  9 electric eels
  A spriggan skeleton (Crypt:3)
  4 centaur zombies
  A lava snake (Swamp:4)
  4 hounds
  An iron imp (D:3)
  2 bullfrog skeletons (D:5)
  2 jellies (D:4)
  9 orc priests
  2 gnoll shamans (Bailey)
  Jessica (D:3)
  7 hell rats (Lair:5)
  3 iguanas
  15 orc wizards
  A killer bee zombie (D:8)
  A deep dwarf skeleton (Crypt:3)
  A naga skeleton (Crypt:3)
  3 mummies (Crypt:3)
  4 howler monkey zombies
  Robin (D:3)
  8 adders
  14 gnolls
  2 white imps
  An ufetubus (D:4)
  A halfling zombie (Crypt:1)
  An adder skeleton (D:4)
  An iguana skeleton (Crypt:3)
  3 worms
  A barachi skeleton (Crypt:2)
  49 orcs
  7 bats
  A bat skeleton (Crypt:2)
  8 endoplasms
  3 giant cockroaches
  10 goblins
  5 hobgoblins
  4 quokkas
  3 ball pythons
  An electric eel zombie (Lair:5)
  A frilled lizard (D:3)
  A frilled lizard zombie (Crypt:3)
  A jackal skeleton (Crypt:1)
  8 kobolds
  8 rats
1305 creatures vanquished.

Vanquished Creatures (collateral kills)
  A dread lich (Vaults:3)
  A golden dragon (Depths:2)
  A caustic shrike (Depths:2)
  Nikola (Vaults:3)
  A tentacled monstrosity (Depths:3)
  A lich (Depths:2)
  2 Ice Fiends (IceCv)
  An ancient champion (Crypt:3)
  A storm dragon (Depths:3)
  Roxanne (Swamp:3)
  2 fire giants
  3 vault wardens
  2 ghost moths
  An emperor scorpion (Spider:4)
  4 ironbound preservers
  A spriggan defender (Depths:2)
  A war gargoyle (Vaults:4)
  2 very ugly things
  2 stone giants (Depths:3)
  A vampire knight (Crypt:1)
  4 dire elephants
  A bunyip (Swamp:4)
  An entropy weaver (Spider:1)
  The ghost of EtherCrawl the Cleaver, a journeyman HOFi of the Shining One (Lair:2)
  4 spark wasps
  A fire dragon (Swamp:4)
  A jiangshi (D:15)
  2 great orbs of eyes (Depths:3)
  A yaktaur captain (Vaults:1)
  A rakshasa (Depths:2)
  A vault guard (Vaults:2)
  A peacekeeper (Vaults:4)
  2 ghost crabs (Swamp:1)
  2 ice dragons
  2 spriggan air magi (Depths:3)
  5 hydras
  2 catoblepae
  An ironbound frostheart (Vaults:2)
  A boulder beetle (Spider:2)
  2 two-headed ogres
  An alligator (Swamp:4)
  A deep troll shaman (Depths:2)
  A tengu warrior (D:15)
  2 ironbound beastmasters (Vaults:1)
  3 spriggans
  3 skeletal warriors
  A titan skeleton (Vaults:3)
  3 goliath frogs
  12 deep trolls
  A spectral anaconda (Lair:6)
  A flayed ghost (Depths:3)
  A death drake (Swamp:1)
  A wizard (Vaults:2)
  3 swamp dragons (Swamp:4)
  An orange crystal statue (D:13)
  A glowing orange brain (Vaults:3)
  A necromancer (Vaults:3)
  A wolf spider (shapeshifter) (Depths:3)
  3 ironbound convokers
  3 harpies (Vaults:3)
  12 orb spiders
  2 deep elf pyromancers (Orc:2)
  A tengu zombie (Vaults:3)
  2 deep elf zephyrmancers (Orc:2)
  10 wolf spiders
  8 ugly things
  A will-o-the-wisp (Swamp:4)
  A moth of wrath (Spider:1)
  4 elephants
  An elf zombie (Vaults:3)
  A black mamba (shapeshifter) (D:9)
  3 vault sentinels (Vaults:1)
  A torpor snail (Spider:1)
  A black mamba (Lair:4)
  A dire elephant zombie (Lair:6)
  A white draconian zombie (Crypt:3)
  An unseen horror (D:11)
  2 cane toads
  A yaktaur (Vaults:3)
  A gargoyle (D:11)
  5 komodo dragons
  A rime drake (Lair:4)
  7 freezing wraiths (IceCv)
  An entropy weaver simulacrum (IceCv)
  4 demonic crawlers
  5 hornets
  3 trolls (Orc:2)
  2 tyrant leeches
  15 jumping spiders
  5 slime creatures
  4 dream sheep (Lair:5)
  11 tarantellas
  2 spriggan simulacra (IceCv)
  2 dire elephant simulacra (IceCv)
  5 yaks
  3 wraiths (Swamp:1)
  36 redbacks
  A chaos spawn (Depths:1)
  A basilisk (Lair:2)
  4 vampire mosquitoes
  2 steam dragons
  A minotaur simulacrum (IceCv)
  A harpy simulacrum (IceCv)
  4 swamp worms
  A warg (Orc:2)
  2 water moccasins
  3 swamp drakes (Swamp:4)
  2 necrophages (Swamp:1)
  2 orc warriors
  11 ogres
  A snapping turtle skeleton (Crypt:3)
  2 centaurs (D:9)
  7 wolves
  2 elephant skeletons (Lair:6)
  4 gnoll sergeants (Bailey)
  A human skeleton (Vaults:3)
  3 bullfrogs
  A deep troll simulacrum (IceCv)
  An elephant simulacrum (Lair:6)
  An electric eel (Lair:5)
  2 wights
  A quasit (D:3)
  A centaur zombie (D:5)
  2 orc priests
  4 gnoll shamans (Bailey)
  An orc wizard (Orc:2)
  A jumping spider zombie (Spider:4)
  An adder (D:4)
  4 gnolls (Bailey)
  A lava snake skeleton (Crypt:1)
  2 worms (D:4)
  15 orcs
  A bat (D:3)
  2 giant cockroaches (Lair:3)
  A kobold (D:8)
  A goblin (D:3)
  2 bushes
376 creatures vanquished.

Vanquished Creatures (others)
  A ghost moth (shapeshifter) (Depths:3)
  3 ghouls
  A vampire knight (Crypt:1)
  3 skeletal warriors
  2 flayed ghosts
  6 phantasmal warriors
  A spectral elf (Orc:2)
  2 bloated husks
  5 flying skulls
  3 wraiths (Orc:2)
  A redback (Spider:1)
  4 vampires
  2 humans (D:12)
  A steam dragon (Swamp:4)
  2 swamp drakes (Swamp:4)
  A titan zombie (Depths:3)
  2 very ugly thing zombies
  3 wights
  29 redback zombies
  6 wolf spider zombies (Spider:4)
  A sphinx zombie (Vaults:3)
  4 spark wasp zombies
  A frost giant zombie (Depths:2)
  2 fire giant zombies (Depths:3)
  An orc priest (Orc:2)
  4 stone giant zombies (Depths:3)
  An entropy weaver zombie (Spider:3)
  4 swamp worm zombies
  A ghost moth zombie (Spider:4)
  2 dire elephant zombies
  6 hydra zombies
  5 ugly thing zombies
  4 yaktaur zombies
  9 jumping spider zombies
  An ice dragon skeleton (Depths:3)
  4 demonic crawler zombies
  3 mummies
  9 orb spider zombies
  3 elephant zombies (Lair:5)
  An ettin zombie (Depths:3)
  5 fire dragon zombies
  A swamp dragon zombie (Swamp:4)
  2 two-headed ogre zombies
  2 alligator zombies (Swamp:4)
  A boulder beetle zombie (Vaults:1)
  4 harpy zombies
  3 tengu zombies
  A human skeleton (Vaults:2)
  A torpor snail zombie (Lair:5)
  3 tyrant leech zombies
  A vampire mosquito zombie (Swamp:2)
  15 wolf zombies
  6 hornet zombies
  13 tarantella zombies
  2 bog body skeletons
  22 deep troll zombies
  A dream sheep zombie (Lair:5)
  4 elf zombies
  18 human zombies
  3 komodo dragon zombies
  A lindwurm zombie (Swamp:4)
  6 water moccasin zombies
  9 yak zombies
  2 cane toad zombies
  2 acid dragon zombies
  A basilisk zombie (D:15)
  2 bat zombies (D:3)
  A black bear zombie (Lair:5)
  A kobold zombie (D:9)
  A steam dragon zombie (Swamp:4)
  4 troll zombies (Orc:2)
  3 adder zombies
  2 bullfrog zombies (Lair:3)
  2 centaur zombies
  An electric eel zombie (Spider:3)
  A giant cockroach zombie (Lair:3)
  A goblin zombie (D:11)
  4 hell rat zombies (Lair:5)
  A hound zombie (D:4)
  An iguana zombie (D:4)
  5 killer bee zombies
  7 ogre zombies
  31 orc zombies
  4 scorpion zombies
  5 spriggan zombies
  2 swamp drake zombies (Swamp:4)
  A wyvern zombie (Lair:2)
  24 foxfires
  68 fungi
  177 plants
  23 withered plants (Lair:6)
645 creatures vanquished.

Grand Total: 2326 creatures vanquished

Table legend: (Time is in decaauts)
 A = Elapsed time spent in this place.
 B = Non-inter-level travel time spent in this place.
 C = Inter-level travel time spent in this place.
 D = Time resting spent in this place.
 E = Time spent auto-exploring this place.
 F = Levels seen in this place.
 G = Mean time per level.
                   A        B        C        D        E       F      G
               +--------+--------+--------+--------+--------+-----+--------+
         Total |  58466 |  51768 |   6698 |  12153 |  28645 |  45 | 1299.2 |
       Dungeon |  21647 |  18463 |   3184 |   4521 |  11134 |  15 | 1443.1 |
        Temple |    112 |    106 |      6 |      0 |    102 |   1 |  112.0 |
          Lair |   7792 |   6975 |    817 |   1017 |   4612 |   6 | 1298.7 |
         Swamp |   4207 |   3690 |    517 |    969 |   1846 |   4 | 1051.8 |
   Spider Nest |   4719 |   4357 |    362 |   1151 |   1855 |   4 | 1179.8 |
  Orcish Mines |   2406 |   2069 |    337 |    481 |   1067 |   2 | 1203.0 |
   Elven Halls |     14 |     14 |      0 |      0 |      0 |   1 |   14.0 |
        Vaults |   7816 |   6905 |    911 |   1239 |   4067 |   4 | 1954.0 |
         Crypt |   4400 |   3976 |    424 |    799 |   1991 |   3 | 1466.7 |
        Depths |   3655 |   3518 |    137 |   1116 |   1618 |   3 | 1218.3 |
        Bailey |    541 |    541 |      0 |     90 |    291 |   1 |  541.0 |
      Ice Cave |   1151 |   1151 |      0 |    767 |     60 |   1 | 1151.0 |
               +--------+--------+--------+--------+--------+-----+--------+

Top non-repeatable levels by time:
     D:9: 2510 daAuts
Vaults:2: 2464 daAuts
Vaults:1: 2299 daAuts
 Crypt:3: 2214 daAuts
     D:3: 2121 daAuts
Depths:2: 2097 daAuts
     D:6: 1829 daAuts
  Lair:3: 1759 daAuts
    D:11: 1749 daAuts
     D:4: 1697 daAuts
Vaults:3: 1692 daAuts
Spider:3: 1623 daAuts
     D:2: 1614 daAuts
    D:10: 1612 daAuts
   Orc:2: 1464 daAuts
